 Dungeon Crawl Stone Soup version 0.21-a0-405-gf2af9a1 (webtiles) character file.

3 drevant the Insei (level 1, -1/9 HPs)
             Began as a Vine Stalker Transmuter on Nov 1, 2017.
             Slain by a kobold
             ... wielding a +0 short sword
              (5 damage)
             ... on level 1 of the Dungeon.
             The game lasted 00:02:00 (404 turns).

drevant the Insei (Vine Stalker Transmuter)          Turns: 404, Time: 00:02:00

Health: -1/9       AC:  2    Str: 12    XL:     1   Next: 50%
Magic:  0/4        EV: 12    Int: 13    God:
Gold:   1          SH:  0    Dex: 14    Spells: 3/4 levels left

rFire    . . .     SeeInvis .     - Unarmed
rCold    . . .     Gourm    .   (no shield)
rNeg     . . .     Faith    .   b - +0 robe
rPois    .         Spirit   +   (no helmet)
rElec    .         Reflect  .   (no cloak)
rCorr    .         Harm     .   (no gloves)
MR       .....                  (no boots)
Stlth    +.........             (no amulet)
HPRegen  0.03/turn              (no ring)
MPRegen  0.09/turn              (no ring)

@: appendage
A: fangs 2, horns 2, magic shield, antimagic bite, no potion heal 3, rot
immunity
a: End Transformation


You were on level 1 of the Dungeon.
You were not hungry.
You had grown temporary horns.
You visited 1 branch of the dungeon, and saw 1 of its levels.

You collected 1 gold pieces.

Inventory:

Missiles
 a - 12 arrows
Armour
 b - a +0 robe (worn)
Scrolls
 e - a scroll of teleportation {unknown}
 f - a scroll of identify {unknown}
Books
 c - a book of Changes

   Spells                             Type                      Level
   a - Beastly Appendage              Transmutation                1
   b - Sticks to Snakes               Transmutation                2
   c - Spider Form                    Transmutation/Poison         3
   d - Ice Form                       Ice/Transmutation            4
   e - Blade Hands                    Transmutation                5
Comestibles
 d - a bread ration


   Skills:
 - Level 0.8 Fighting
 - Level 1.5 Dodging
 * Level 3.1 Unarmed Combat
 - Level 2.1 Spellcasting
 + Level 2.1 Transmutations


You had 3 spell levels left.
You knew the following spells:

 Your Spells              Type           Power        Failure   Level  Hunger
a - Beastly Appendage     Tmut           #.....       11%         1    ##.....


Dungeon Overview and Level Annotations

Branches:
Dungeon (1/15)

Altars:


Innate Abilities, Weirdness & Mutations

You have extremely sharp teeth.
When hurt, damage is shared between your health and your magic reserves.
Your bite disrupts and absorbs the magic of your enemies.
Potions cannot restore your health.
You are immune to rotting.
You have a pair of horns on your head.


Message History

All of the chunks of flesh in your inventory have rotted away.
A kobold comes into view. It is wielding a short sword.
The kobold shouts!
Sorry, you're not good enough to have a special ability.
Casting: Beastly Appendage
Confirm with . or Enter, or press ? or * to list all spells.
You grow a pair of large bovine horns.
You barely miss the kobold. Your bite misses the kobold.
The kobold barely misses you.
You hit the kobold. You bite the kobold, but do no damage.
The kobold is moderately wounded.
The kobold hits you with a short sword.
You miss the kobold. Your bite misses the kobold.
The kobold is moderately wounded.
The kobold hits you with a short sword.
You hit the kobold. You bite the kobold, but do no damage.
The kobold is severely wounded.
The kobold hits you with a short sword.
Ouch! That really hurt!
You die...

#.###.#.##........#..........#
#........'........#.##########
#####.#.##........#############
#.#.####...................
#.#.# #.##################
#.##.#.####.# #.........#.#
#####..##.# #########
#.).....#@K......
#.......#.####### #######
..>.....#.# #......
###......#.# #.#####
#......#.####### #.#
#..............# #.#
#..............# #.#
..............# #.#
###############.####### #.#


You could see a kobold.

Vanquished Creatures
  A bat (D:1)
  A hobgoblin (D:1)
  A rat (D:1)
3 creatures vanquished.

Notes
Turn   | Place    | Note
-------+----------+-------------------------------------------
     0 | D:1      | drevant the Vine Stalker Transmuter began the quest for the Orb.
     0 | D:1      | Reached XP level 1. HP: 9/9 MP: 4/4
   404 | D:1      | Slain by a kobold

Vault maps used:
D:1:      dpeg_arrival_windows_large_door, minmay_heptomino_l4

Action                   || total
-------------------------++-------
Melee: Unarmed           ||    20
       Bite              ||     5
       Kick              ||     1
 Cast: Beastly Appendage ||     2
Armor: Robe              ||    13
Dodge: Dodged            ||    18

Table legend:
 A = Spawn XP
 B = Non-spawn XP
 C = Spawn XP percentage of total XP
 D = Spawn monster count
 E = Non-spawn monster count
 F = Spawn count percentage of total count
 G = Total turns spent on level
                    A         B        C        D         E        F      G
               +---------+---------+-------+---------+---------+-------+---------
         Total |       0 |       5 |   0.0 |       0 |       3 |   0.0 |   404
               +---------+---------+-------+---------+---------+-------+---------
           D:1 |       0 |       5 |   0.0 |       0 |       3 |   0.0 |   404
               +---------+---------+-------+---------+---------+-------+---------
